 Dungeon Crawl Stone Soup version 0.15.1 (webtiles) character file.

143 Kashira the Scratcher (level 5, 13/24 HPs)
             Began as a Felid Death Knight on Sept 17, 2014.
             Was a Believer of Yredelemnul.
             Quit the game on Level 4 of the Dungeon.
             The game lasted 00:12:55 (3388 turns).

Kashira the Scratcher (Felid Death Knight)          Turns: 3388, Time: 00:12:56

HP  13/24        AC  1     Str  9      XL: 5   Next:  4%
MP  11/11        EV 19     Int 12      God: Yredelemnul [**....]
Gold 121         SH  0     Dex 17      Spells:  0 memorised,  4 levels left
Lives: 0, deaths: 1

rFire  . . .     SeeInvis +       - Unarmed
rCold  . . .     Clarity  .     (armour unavailable)
rNeg   . . .     rCorr    .     (shield unavailable)
rPois  .         rRot     .     (helmet unavailable)
rElec  .         Spirit   .     (cloak unavailable)
SustAb .         Warding  .     (gloves unavailable)
rMut   .         Stasis   .     (boots unavailable)
Gourm  .                        (no amulet)
MR     .....                    (no ring)
                                (no ring)

@: lethally poisoned, quick, not resistant to hostile enchantments, unstealthy
A: paw claws, no armour, no weapons or thrown items, fangs 3, see invisible,
carnivore 3, speed 1, shaggy fur 1, slow metabolism 1, jump 1
a: Jump Attack, Animate Remains, Recall Undead Slaves, Injury Mirror, Renounce
Religion


You were on level 4 of the Dungeon.
You worshipped Yredelemnul.
Yredelemnul was pleased with you.
You were not hungry.

You visited 1 branch of the dungeon, and saw 4 of its levels.

You collected 121 gold pieces.

Inventory:

Magical devices
 t - a wand of polymorph (10)
Comestibles
 c - 3 meat rations
 d - a royal jelly
 p - a beef jerky
Scrolls
 a - 2 scrolls of blinking
 e - 2 scrolls of teleportation
 j - a scroll of magic mapping {unknown}
 k - 2 scrolls of remove curse
 l - a scroll of identify {unknown}
 m - a scroll of random uselessness {unknown}
 o - 2 scrolls of noise {unknown}
 r - a scroll of fear {unknown}
 s - a scroll of enchant armour {unknown}
Potions
 f - a potion of flight {unknown}
 g - a potion of brilliance {unknown}
 h - a potion of degeneration {unknown}
 i - a potion of agility {unknown}
 n - a potion of mutation {unknown}
 q - a potion of poison {unknown}


   Skills:
 + Level 3.0 Fighting
 + Level 3.6 Dodging
 * Level 3.9 Unarmed Combat
 + Level 3.7 Invocations


You had 4 spell levels left.
You didn't know any spells.

Dungeon Overview and Level Annotations

Branches:
Dungeon (4/15)
 Temple: D:4-7

Altars:


Innate Abilities, Weirdness & Mutations

You cannot wear armour.
You are incapable of wielding weapons or throwing items.
Your paws have sharp claws.
You have razor-sharp teeth.
You have supernaturally acute eyesight.
You are carnivorous and can eat meat at any time.
You cover ground quickly.
You are covered in fur (AC +1).
You have a slow metabolism.
You can jump attack at a short distance.


Message History

You feel sick. The spider completely misses you.
A goblin comes into view. It is wielding a club.
You scratch the spider.
The spider is heavily wounded.
The spider bites you.
You are more poisoned.
The spider poisons you!
The kobold shoots a poisoned needle.
The poisoned needle hits you!
You are lethally poisoned!
The spider closely misses you.
You barely miss the spider.
The spider is heavily wounded.
You feel sick. The spider closely misses you.
You closely miss the spider.
The spider is heavily wounded.
You feel sick. The spider misses you.
You barely miss the spider. Your punch misses the spider.
The spider is heavily wounded.
You feel sick. The spider bites you. The spider misses you.
Are you sure you want to abandon this character and quit the game? (Confirm with "yes".)

...oo.......o.o.........##
.>....>#######....s......#####
...##### ######........... ###
###......... #.........
##......... ##..o..#....
#########....### ##
#.....@s....## #..Kg.......(##
.#####......# ###.....#
##...... #....... #....##
#..### #..


You could see a spider, an orc, a goblin and a kobold.

Vanquished Creatures
  Sigmund (D:3)
  A worker ant (D:4)
  Jessica (D:3)
  An adder (D:2)
  A giant mite (D:1)
  An ooze (D:1)
  2 giant cockroaches
  9 goblins
  4 hobgoblins
  2 quokkas
  2 ball pythons
  5 bats
  2 giant geckos
  A giant newt (D:2)
  5 kobolds
  3 rats
41 creatures vanquished.

Vanquished Creatures (collateral kills)
  An adder (D:3)
  A gnoll (D:1)
  An ooze (D:1)
  3 hobgoblins (D:1)
  A quokka (D:2)
  A bat (D:2)
  A giant newt (D:3)
  A goblin (D:1)
  2 kobolds
12 creatures vanquished.

Vanquished Creatures (others)
  A giant mite zombie (D:1)
  2 giant cockroach zombies
  5 goblin zombies
  3 hobgoblin zombies
  A kobold zombie (D:1)
  A rat zombie (D:1)
13 creatures vanquished.

Grand Total: 66 creatures vanquished

Notes
Turn   | Place    | Note
--------------------------------------------------------------
     0 | D:1      | Kashira, the Felid Death Knight, began the quest for the Orb.
     0 | D:1      | Reached XP level 1. HP: 9/9 MP: 2/2
    66 | D:1      | Reached skill level 3 in Invocations
    66 | D:1      | Reached XP level 2. HP: 11/13 MP: 2/4
   591 | D:1      | Reached XP level 3. HP: 6/16 MP: 1/7
  1805 | D:2      | Acquired Yredelemnul's second power
  1976 | D:3      | Reached XP level 4. HP: 13/20 MP: 10/10
  2138 | D:3      | Noticed Jessica
  2205 | D:3      | Noticed Sigmund
  2243 | D:3      | Killed Jessica
  2485 | D:3      | HP: 1/20 [poisoned by an adder]
  2487 | D:3      | Succumbed to an adder's poison
  2488 | D:3      | Reached XP level 3. HP: 0/16 MP: 7/7
  2499 | D:3      | Killed Sigmund
  2499 | D:3      | Reached XP level 4. HP: 16/21 MP: 10/10
  2708 | D:4      | Reached XP level 5. HP: 14/24 MP: 11/11
  3365 | D:4      | Noticed a swamp drake
  3365 | D:4      | an orc wizard changed into a swamp drake
  3367 | D:4      | Noticed a spider
  3367 | D:4      | a swamp drake changed into a spider
  3388 | D:4      | Quit the game

Action                   |  1- 3 |  4- 6 || total
-------------------------+-------+-------++-------
Melee: Unarmed           |   137 |    42 ||   179
Invok: Animate Remains   |    15 |     3 ||    18
 Abil: Jump Attack       |     8 |     4 ||    12
Evoke: Wand              |       |     3 ||     3
  Use: Scroll            |     4 |       ||     4
       Potion            |       |     1 ||     1
 Stab: Sleeping          |     5 |       ||     5
  Eat: Chunk             |     3 |       ||     3
